 Dungeon Crawl Stone Soup version 0.18-a0-1784-ga939a68 (webtiles) character file.

6774 M4edhros the Magician (level 11, -2/70 HPs)
             Began as an Octopode Necromancer on Apr 18, 2016.
             Was an Initiate of Gozag.
             Slain by a white imp (3 damage)
             ... on level 2 of the Lair of Beasts.
             The game lasted 03:03:13 (6395 turns).

M4edhros the Magician (Octopode Necromancer)        Turns: 6395, Time: 03:03:14

Health: -2/70      AC:  2    Str: 11    XL:     11   Next: 4%
Magic:  0/21       EV: 16    Int: 19    God:    Gozag
Gold:   280        SH:  0    Dex: 17    Spells: 9 memorised, 3 levels left

rFire  . . .     SeeInvis +     x - +11 bardiche of Guilt {speed, MR+ Str+4}
rCold  . . .     Gourm    .     (shield currently unavailable)
rNeg   . . .     Faith    .     (helmet restricted)
rPois  +         Spirit   +     o - amulet of guardian spirit
rElec  .         Dismiss  .     i - ring of poison resistance
rCorr  .         Reflect  .     D - ring of flight
SustAt .         Harm     .     G - +1 ring of protection
MR     +....                    N - ring of see invisible
Stlth  ++++++....               U - ring of stealth
                                (no ring)
                                (no ring)
                                (no ring)

@: about to teleport, gold aura, somewhat resistant to hostile enchantments,
very stealthy
A: almost no armour, amphibious, 8 rings, constrict 8, camouflage 1, agile 1,
gelatinous body 1
a: Potion Petition, Call Merchant, Bribe Branch, Renounce Religion, Evoke Flight


You were on level 2 of the Lair of Beasts.
You worshipped Gozag.
Gozag was noncommittal.
You were full.

You visited 3 branches of the dungeon, and saw 14 of its levels.
You visited the Abyss 1 time.
You also visited: Ossuary.

You collected 1718 gold pieces.
You spent 275 gold pieces at shops.
You paid 1163 gold pieces to Gozag.

Inventory:

Hand Weapons
 e - a +0 hunting sling
 x - the +11 bardiche of Guilt (weapon) {speed, MR+ Str+4}
   (You found it on level 4 of the Dungeon)

   Attacks with this weapon are significantly faster.
   It affects your strength (+4).
   It affects your resistance to hostile enchantments.
 C - a +1 trident of venom
Missiles
 n - 241 stones
 A - 8 javelins
Magical Staves
 m - an uncursed staff of air
Jewellery
 i - a ring of poison resistance (left tentacle)
 o - an amulet of guardian spirit (around mantle)
 D - a ring of flight (right tentacle)
 G - a +1 ring of protection (on tentacle)
 M - an uncursed amulet of harm
 N - a ring of see invisible (on tentacle)
 O - a +5 amulet of reflection
 U - a ring of stealth (on tentacle)
 X - an uncursed ring of fire
Wands
 p - a wand of digging (0/24)
 r - a wand of polymorph (9/24)
 t - a wand of slowing (19/48)
 F - a wand of confusion (26/48)
 J - a wand of flame (28/48)
 Y - a wand of slowing (17/48)
Scrolls
 d - a scroll of magic mapping
 f - 3 scrolls of enchant weapon
 g - 3 scrolls of recharging {unknown}
 h - 5 scrolls of enchant armour
 l - 3 scrolls of noise {unknown}
 q - 3 scrolls of blinking (quivered) {unknown}
 s - 2 scrolls of immolation
 u - 3 scrolls of remove curse
 w - a scroll of amnesia
 y - 3 scrolls of random uselessness
 I - 3 scrolls of teleportation
 P - 3 scrolls of fog
Potions
 k - a potion of flight
 v - a potion of cure mutation
 E - a potion of curing
 K - a potion of brilliance
 L - 3 potions of magic
 Q - 2 potions of degeneration
Books
 a - a book of Necromancy

   Spells                             Type                      Level
   a - Pain                           Necromancy                   1
   b - Animate Skeleton               Necromancy                   1
   c - Vampiric Draining              Necromancy                   3
   d - Regeneration                   Charms/Necromancy            3
   e - Animate Dead                   Necromancy                   4
   f - Control Undead                 Necromancy                   4
 j - a book of Maledictions

   Spells                             Type                      Level
   a - Corona                         Hexes                        1
   b - Ensorcelled Hibernation        Hexes/Ice                    2
   c - Confuse                        Hexes                        3
   d - Tukima's Dance                 Hexes                        3
   e - Dazzling Spray                 Conjuration/Hexes            3
 z - a book of Conjurations

   Spells                             Type                      Level
   a - Magic Dart                     Conjuration                  1
   b - Searing Ray                    Conjuration                  2
   c - Dazzling Spray                 Conjuration/Hexes            3
   d - Fulminant Prism                Conjuration/Hexes            4
   e - Iskenderun's Mystic Blast      Conjuration                  4
   f - Iskenderun's Battlesphere      Conjuration/Charms           5
 B - a book of Power

   Spells                             Type                      Level
   a - Fulminant Prism                Conjuration/Hexes            4
   b - Iskenderun's Mystic Blast      Conjuration                  4
   c - Venom Bolt                     Conjuration/Poison           5
   d - Bolt of Magma                  Conjuration/Fire/Earth       5
   e - Iron Shot                      Conjuration/Earth            6
   f - Orb of Destruction             Conjuration                  7
   g - Spellforged Servitor           Conjuration/Summoning        7
 S - a Necronomicon

   Spells                             Type                      Level
   a - Haunt                          Necromancy/Summoning         7
   b - Borgnjor's Revivification      Necromancy                   8
   c - Death's Door                   Charms/Necromancy            8
   d - Necromutation                  Transmutation/Necromancy     8
 T - an Akashic Record

   Spells                             Type                      Level
   a - Dispersal                      Translocation                6
   b - Malign Gateway                 Summoning/Translocation      7
   c - Disjunction                    Translocation                8
   d - Controlled Blink               Translocation                8
 W - a book of Party Tricks

   Spells                             Type                      Level
   a - Summon Butterflies             Summoning                    1
   b - Apportation                    Translocation                1
   c - Tukima's Dance                 Hexes                        3
   d - Alistair's Intoxication        Transmutation/Poison         5
   e - Invisibility                   Hexes                        6
 Z - a book of Callings

   Spells                             Type                      Level
   a - Summon Small Mammal            Summoning                    1
   b - Call Imp                       Summoning                    2
   c - Call Canine Familiar           Summoning                    3
   d - Summon Guardian Golem          Hexes/Summoning              3
   e - Summon Lightning Spire         Summoning/Air                4
   f - Summon Ice Beast               Ice/Summoning                4
Comestibles
 b - 7 bread rations
 c - 2 fruits
 R - 3 beef jerkies


   Skills:
 - Level 4.5 Fighting
 * Level 7.0 Polearms
 - Level 5.8 Dodging
 + Level 6.0 Stealth
 - Level 4.3 Unarmed Combat
 - Level 7.2 Spellcasting
 + Level 5.5 Conjurations
 - Level 3.3 Hexes
 + Level 5.4 Charms
 - Level 4.0 Necromancy


You had 3 spell levels left.
You knew the following spells:

 Your Spells              Type           Power        Failure   Level  Hunger
a - Call Imp              Summ           #.......     17%         2    None
b - Regeneration          Chrm/Necr      ###.......   4%          3    #......
c - Dazzling Spray        Conj/Hex       ###.....     6%          3    #......
d - Magic Dart            Conj           ####         1%          1    None
e - Iskenderun's Battles  Conj/Chrm      ####....     34%         5    #####..
f - Fulminant Prism       Conj/Hex       ###.......   17%         4    ###....
g - Apportation           Tloc           #.........   12%         1    None
h - Animate Skeleton      Necr           N/A          1%          1    None
i - Pain                  Necr           ###.         1%          1    None


Dungeon Overview and Level Annotations

Branches:
Dungeon (11/15)            Temple (1/1) D:4            Lair (2/8) D:10
    Orc (0/2) D:10

Altars:
Ashenzari
Cheibriados
Dithmenos
Elyvilon
Gozag
Makhleb
Nemelex Xobeh
Okawaru
Pakellas
Qazlal
Ru
Sif Muna
Vehumet
Xom
Yredelemnul
Zin
The Shining One

Shops:
D:6 =   D:8 (   D:9 *   D:11 =

Portals:
Ice
Cave: Lair:2

Annotations:
D:11 skk's ghost, journeyman OgBe


Innate Abilities, Weirdness & Mutations

You cannot wear most types of armour.
You are amphibious.
You can wear up to eight rings at the same time.
You can use your tentacles to constrict eight enemies at once.
Your skin changes colour to match your surroundings (Stealth).
Your rubbery body absorbs attacks (AC +1).
You are agile. (Dex +2)


Message History

The white imp freezes you.
* * * LOW HITPOINT WARNING * * *
The white imp gestures at you. The puff of frost hits you!
* * * LOW HITPOINT WARNING * * *
The white imp hits you but does no damage.
Unknown command.
Read which item? (? for menu, Esc to quit)
As you read the scroll of teleportation, it crumbles to dust.
You feel strangely unstable.
The white imp is no longer distracted by gold.
The white imp gestures at you. The puff of frost hits you!
* * * LOW HITPOINT WARNING * * *
The white imp is distracted by the nearby gold.
The white imp hits you.
* * * LOW HITPOINT WARNING * * *
The white imp freezes you.
You die...
Your body crumbles into a pile of gold.

#...............,..*,,,,*,,,
##......##.P.#.....,,,,,,,,,,
#.......+....#..+.,,.,,,,*,,,
#.............[..##..,,,,,,,,
##...........P.......,,,,,,,,
#.................?.,,,,*,,,
#...........#F......,,,,*,,,
##.........55555....<,,,,*,,,
#........$..@#$.∩....,,,,,,,,
#............P.......,,,,*,,,
#............P.......,,,,*,,,
##...........#5#.#...,,,,,,,,
*#......P#..#........,,,,,,,,
#P...................,,,,,,,,
##..................,,,,,,,,,
#.................,,,,,,,,,,
##..###P.#P##.#,***,***,,***


You could see a spiny frog and 6 white imps.

Vanquished Creatures
  An ugly thing (D:9)
  A gargoyle (D:11)
  A kobold demonologist (D:11)
  2 polar bears (D:11)
  A troll (D:10)
  Prince Ribbit (D:6)
  2 yaks
  2 hippogriffs
  4 wargs (D:10)
  2 porcupines
  A sky beast (D:11)
  4 ice beasts
  3 orc warriors
  A phantom (D:5)
  A necrophage (D:6)
  2 ogres
  4 centaurs
  A big kobold (D:9)
  An elf zombie (Ossuary)
  3 giant frogs
  A gnoll sergeant (D:7)
  2 scorpions
  2 electric eels (D:11)
  8 wights
  3 centaur zombies
  3 crimson imps
  3 hounds (D:9)
  A jelly (D:5)
  A centaur skeleton (D:4)
  4 orc priests
  9 orc wizards
  A water moccasin simulacrum (D:11)
  2 human zombies (Ossuary)
  4 iguanas
  4 worker ants
  A hound zombie (D:9)
  2 hound skeletons (D:9)
  3 mummies
  A worker ant zombie (D:6)
  Robin (D:4)
  6 gnolls
  A howler monkey skeleton (D:4)
  7 adders
  A hound simulacrum (D:11)
  6 white imps
  2 oozes (D:4)
  An adder skeleton (D:4)
  4 adder zombies (Ossuary)
  5 worms
  2 dart slugs
  4 giant geckos
  16 orcs
  9 bats
  2 giant cockroaches
  16 goblins
  7 hobgoblins
  7 jackals
  6 kobolds
  2 quokkas
  4 ball pythons
  A giant gecko zombie (D:6)
  2 giant newts
  2 goblin zombies
  8 hobgoblin zombies (Ossuary)
  11 kobold zombies
  7 orc zombies (Ossuary)
  7 rats
  2 rat zombies (Ossuary)
242 creatures vanquished.

Vanquished Creatures (others)
  A white imp (Lair:2)
1 creature vanquished.

Grand Total: 243 creatures vanquished

Notes
Turn   | Place    | Note
--------------------------------------------------------------
     0 | D:1      | M4edhros the Octopode Necromancer began the quest for the Orb.
     0 | D:1      | Reached XP level 1. HP: 11/11 MP: 3/3
    36 | D:1      | Reached skill level 1 in Unarmed Combat
   148 | D:2      | Found a white marble altar of Elyvilon.
   198 | D:2      | Reached XP level 2. HP: 16/17 MP: 5/5
   344 | D:4      | Reached XP level 3. HP: 15/21 MP: 6/6
   349 | D:4      | Learned a level 3 spell: Regeneration
   493 | D:4      | Reached XP level 4. HP: 27/27 MP: 7/7
   530 | D:4      | Reached skill level 1 in Charms
   559 | D:4      | Reached XP level 5. HP: 31/31 MP: 8/8
   576 | D:4      | Found a burning altar of Makhleb.
   582 | D:4      | Noticed Robin
   690 | D:4      | Got an encrusted bardiche
   712 | D:4      | Killed Robin
   874 | D:4      | Identified the +11 bardiche of Guilt {speed, MR+ Str+4} (You found it on level 4 of the Dungeon)
   874 | D:4      | Cast into level 1 of the Abyss (a distortion unwield)
   888 | D:4      | Escaped the Abyss
   970 | D:4      | Learned a level 1 spell: Magic Dart
   978 | D:4      | Learned a level 3 spell: Dazzling Spray
  1018 | D:4      | Found a staircase to the Ecumenical Temple.
  1025 | Temple   | Entered the Ecumenical Temple
  1234 | D:3      | Found a glowing silver altar of Zin.
  1605 | D:2      | Reached XP level 6. HP: 35/36 MP: 9/9
  2206 | D:2      | Found an opulent altar of Gozag.
  2221 | D:2      | Became a worshipper of Gozag Ym Sagoz the Greedy
  2290 | D:5      | Entered Level 5 of the Dungeon
  2312 | D:5      | Noticed an ice beast
  2315 | D:5      | Killed an ice beast
  2315 | D:5      | Reached skill level 1 in Polearms
  2315 | D:5      | Reached skill level 1 in Conjurations
  2315 | D:5      | Reached skill level 1 in Hexes
  2333 | D:5      | Noticed a phantom
  2343 | D:5      | Killed a phantom
  2343 | D:5      | Reached skill level 1 in Fighting
  2343 | D:5      | Reached XP level 7. HP: 40/43 MP: 10/10
  2595 | D:6      | Found a shadowy altar of Dithmenos.
  2789 | D:6      | Found an oddly glowing altar of Pakellas.
  2911 | D:3      | Found a shimmering altar of Xom.
  3124 | D:6      | Noticed Prince Ribbit
  3137 | D:6      | Reached XP level 8. HP: 48/48 MP: 10/13
  3144 | D:6      | Killed Prince Ribbit
  3144 | D:6      | Reached skill level 5 in Spellcasting
  3219 | D:6      | Found a basalt altar of Yredelemnul.
  3264 | D:6      | Found Uroethry's Jewellery Shoppe.
  3306 | D:6      | Bought a +5 amulet of reflection for 275 gold pieces
  3448 | D:7      | Found a sand-covered staircase.
  3455 | Ossuary  | Entered an ossuary
  3756 | Ossuary  | Reached XP level 9. HP: 41/53 MP: 19/19
  3998 | D:8      | Found Lysywirr's Antique Weapon Shoppe.
  4154 | D:7      | Found a snail-covered altar of Cheibriados.
  4527 | D:9      | Reached skill level 5 in Dodging
  4594 | D:9      | Learned a level 1 spell: Apportation
  4599 | D:9      | Learned a level 4 spell: Fulminant Prism
  4605 | D:9      | Learned a level 5 spell: Iskenderun's Battlesphere
  4639 | D:9      | Found a deep blue altar of Sif Muna.
  4639 | D:9      | Found an oddly glowing altar of Pakellas.
  4643 | D:9      | Found a sparkling altar of Nemelex Xobeh.
  4643 | D:9      | Found a radiant altar of Vehumet.
  4643 | D:9      | Noticed a cyan ugly thing
  4663 | D:9      | Killed a cyan ugly thing
  4671 | D:9      | Reached XP level 10. HP: 45/64 MP: 20/20
  4779 | D:10     | Entered Level 10 of the Dungeon
  5187 | D:10     | Found a staircase to the Orcish Mines.
  5286 | D:10     | Learned a level 1 spell: Animate Skeleton
  5289 | D:10     | Learned a level 2 spell: Call Imp
  5360 | D:11     | Found Xato Leka's Jewellery Shoppe.
  5360 | D:11     | Noticed a gargoyle
  5367 | D:11     | Killed a gargoyle
  5367 | D:11     | Reached skill level 5 in Polearms
  5424 | D:11     | Gained mutation: You are agile. (Dex +2) [potion of beneficial mutation]
  5566 | D:11     | Noticed skk's ghost (journeyman OgBe)
  5658 | D:11     | HP: 2/65 [ice beast (10)]
  5667 | D:11     | Reached skill level 5 in Conjurations
  5837 | D:11     | Reached skill level 5 in Stealth
  5908 | D:11     | Noticed a kobold demonologist
  5917 | D:11     | Killed a kobold demonologist
  5917 | D:11     | Reached skill level 5 in Charms
  6035 | D:11     | Noticed a phantasmal warrior
  6138 | D:10     | Found a staircase to the Lair.
  6191 | Lair:1   | Entered Level 1 of the Lair of Beasts
  6208 | Lair:1   | Reached XP level 11. HP: 58/70 MP: 6/21
  6381 | Lair:2   | Found a frozen archway.
  6395 | Lair:2   | HP: 2/70 [white imp/puff of frost (8)]
  6395 | Lair:2   | Slain by a white imp

Vault maps used:
D:1:      dpeg_arrival_orchard
D:2:      grunt_gozag_breadcrumbs, lemuel_crystal_altar
D:3:      grunt_temple_overflow_growth_and_decay, tgw_xom, zin_academy,
          first_bread
D:4:      lemuel_doored_altar, minmay_temple_entry_enclosed_plants,
          serial_park_tiny_pond, uniq_robin
D:6:      lemuel_coloured_pillars_altar, nicolae_overflow_hidden_temple,
          serial_shops, shop, johnstein_pakellas_dig, uniq_prince_ribbit1
D:7:      nicolae_overflow_crystal_walls, nicolae_ossuary_entry_giza,
          minivault_5
D:8:      kennysheep_little_box, serial_shops, shop_statue
D:9:      grunt_temple_overflow_open
D:10:     lair_0_dummy, minmay_orc_entry_guard_dogs
D:11:     serial_shops, shop_fountains, serial_ice, serial_ice_f, serial_ice_j,
          serial_ice_c, serial_ice_d
Temple:   nicolae_temple_hex_pool_5
Lair:1:   lemuel_oklob_altar, uniq_urug
Lair:2:   portal_ice_cave_entry_imps, grunt_megastairs_5
Abyss:1:  evilmike_abyss_exit_glass
Ossuary:  ossuary_tomb_1

Skill      XL: |  1  2  3  4  5  6  7  8  9 10 11 |
---------------+----------------------------------+-----
Unarmed Combat | 1 3 4 |  4.3
Charms         | 1 2 3 5 |  5.4
Polearms       | 1 4 6 7 |  7.0
Conjurations   | 1 2 3 5 |  5.5
Hexes          | 1 2 3 |  3.3
Fighting       | 1 4 |  4.5
Dodging        | 3 5 |  5.8
Spellcasting   | 3 7 |  7.2
Stealth        | 5 6 |  6.0
Necromancy     | |  4.0

Action                   |  1- 3 |  4- 6 |  7- 9 | 10-12 || total
-------------------------+-------+-------+-------+-------++-------
Melee: Short sword       |    31 |    47 |       |       ||    78
       Constrict         |     9 |    18 |    31 |    15 ||    73
       Unarmed           |     2 |       |       |       ||     2
       Tentacles         |     4 |     7 |    18 |    20 ||    49
       Bardiche          |       |    54 |   252 |   130 ||   436
       Punch             |       |       |     2 |     3 ||     5
 Cast: Pain              |     4 |       |       |       ||     4
       Regeneration      |     2 |     3 |    20 |    25 ||    50
       Dazzling Spray    |       |       |     1 |    19 ||    20
Invok: Potion Petition   |       |       |       |     2 ||     2
       Call Merchant     |       |       |       |     1 ||     1
Evoke: Wand              |       |       |     2 |       ||     2
  Use: Scroll            |     3 |     1 |     5 |    11 ||    20
       Potion            |       |     1 |     9 |     8 ||    18
 Stab: Sleeping          |     2 |    11 |    14 |    12 ||    39
       Distracted        |       |       |     1 |     1 ||     2
       Invisible         |       |       |       |     7 ||     7
  Eat: Chunk             |       |     5 |       |       ||     5
       Meat ration       |       |       |     2 |     1 ||     3
       Beef jerky        |       |       |     2 |       ||     2
       Fruit             |       |       |       |     2 ||     2
       Bread ration      |       |       |       |     1 ||     1
Armor: Skin              |     1 |    13 |    61 |     8 ||    83
Dodge: Dodged            |    27 |    43 |    68 |    85 ||   223
Block: Other             |       |       |    26 |    10 ||    36
